AoeStats
← FexMaya

Arena

509012633Analyzed
1v1 RM · 9d ago on Sep 25, 2026· 50m 4s· 2 players
Game mode
Random Map
Map size
Tiny (2 player)
Population
200
Speed
Normal
Resources
Standard
Victory
Conquest
Starting age
Dark Age
Ending age
Imperial Age
RankedLock teamsTeams togetherTeam positionsShared explorationLock speedFull tech treeHidden civsTurbo modeCheats
Victory
Defeat
🇨🇳 Saxons · China
832
+15
🇬🇹 Vikings · Guatemala
814
-15
FexMaya
11:57 Feudal Age
16:32 Castle Age
15:37 Forging
15:17 Double-Bit Axe
15:14 Horse Collar
15:58 Stone Mining
15:57 Man-at-Arms
20:58 Squires
25:50 Fervor
25:53 Forging
27:30 Padded Archer Armor
27:20 Fletching
28:13 Town Watch
28:16 Loom
28:36 Bodkin Arrow
29:11 Murder Holes
32:33 Imperial Age
30:24 Town Patrol
34:49 Chemistry
35:49 Iron Casting
36:15 Fortified Wall
39:10 Heavy Plow
39:42 Ballistics
39:20 Elite Skirmisher
40:22 Bracer
41:16 Siege Engineers
42:44 Elite Berserk
43:28 Chieftains
43:44 Capped Ram
46:21 Blast Furnace
46:50 Scale Mail Armor
zt198204232022
0:42 Loom
11:31 Feudal Age
12:08 Double-Bit Axe
12:12 Horse Collar
18:39 Castle Age
17:20 Stone Mining
17:40 Gold Mining
23:18 Town Watch
26:02 Heavy Plow
26:17 Bow Saw
29:38 Imperial Age
28:35 Wheelbarrow
28:30 Scale Mail Armor
28:41 Forging
29:35 Chain Mail Armor
29:12 Fletching
29:00 Man-at-Arms
29:26 Gambesons
30:35 Squires
30:21 Arson
30:00 Long Swordsman
31:14 Conscription
31:23 Two-Handed Swordsman
33:31 Iron Casting
32:52 Bodkin Arrow
33:29 Champion
36:15 Plate Mail Armor
36:10 Hand Cart
38:06 Gold Shaft Mining
38:37 Two-Man Saw
38:10 Crop Rotation
39:08 Guilds
39:12 Shield Wall
39:51 Bodkin Arrow
41:25 Bracer
42:04 Capped Ram
43:26 Siege Ram
48:40 Devotion
49:01 Heresy
49:33 Hoardings
Connection lost

Rejoining the realm…

Still unreachable

The connection could not be restored.

Session expired

The server has moved on; the page needs a fresh start.